 Dungeon Crawl Stone Soup version 0.21-a0-346-g330ab2c (webtiles) character file.

2478 Hasart the Slicer (level 9, -8/48 HPs)
             Began as a Kobold Assassin on Oct 5, 2017.
             Mangled by an ice beast (13 damage)
             ... on level 7 of the Dungeon.
             The game lasted 00:17:20 (7678 turns).

Hasart the Slicer (Kobold Assassin)                 Turns: 7678, Time: 00:17:21

Health: -8/48      AC:  5    Str:  8    XL:     9   Next: 80%
Magic:  0/10       EV: 14    Int: 16    God:
Gold:   320        SH:  0    Dex: 16    Spells: 4/8 levels left

rFire    . . .     SeeInvis .   G - +2 rapier (speed)
rCold    . . .     Gourm    .   (shield restricted)
rNeg     . . .     Faith    .   m - +0 leather armour
rPois    .         Spirit   .   q - +0 helmet
rElec    .         Reflect  .   d - +0 cloak
rCorr    .         Harm     .   (no gloves)
MR       .....                  (no boots)
Stlth    ++++......             A - amulet of magic regeneration
HPRegen  0.16/turn              (no ring)
MPRegen  0.37/turn              (no ring)

@: very slightly contaminated
A: carnivore 3
a: no special abilities


You were on level 7 of the Dungeon.
You were full.

You visited 1 branch of the dungeon, and saw 7 of its levels.

You collected 320 gold pieces.

Inventory:

Hand Weapons
 a - a +2 dagger
 b - a +0 blowgun
 G - a +2 rapier of speed (weapon)
Missiles
 e - 22 poisoned needles
 f - 5 curare-tipped needles
Armour
 d - a +0 cloak (worn)
 m - a +0 leather armour (worn)
 q - a +0 helmet (worn)
Jewellery
 A - an amulet of magic regeneration (around neck)
Wands
 v - a wand of enslavement (0/24)
 H - a wand of iceblast (6/15)
 I - a wand of lightning (6/15)
Scrolls
 c - 2 scrolls of enchant weapon {unknown}
 h - 4 scrolls of teleportation {unknown}
 i - 6 scrolls of identify
 l - a scroll of recharging {unknown}
 n - a scroll of fear {unknown}
 p - a scroll of enchant armour {unknown}
 u - 2 scrolls of noise {unknown}
 x - 3 scrolls of blinking {unknown}
 y - 2 scrolls of remove curse {unknown}
 C - 2 scrolls of amnesia {unknown}
 J - a scroll of magic mapping {unknown}
Potions
 j - 3 potions of cancellation {unknown}
 k - 3 potions of flight {unknown}
 o - 2 potions of curing {unknown}
 s - a potion of might {unknown}
 t - a potion of haste {unknown}
 z - 2 potions of degeneration {unknown}
 D - a potion of resistance {unknown}
 E - 2 potions of heal wounds {unknown}
 F - 3 potions of lignification {unknown}
Books
 w - a book of Misfortune

   Spells                             Type                      Level
   a - Confusing Touch                Hexes                        1
   b - Confuse                        Hexes                        3
   c - Gell's Gravitas                Translocation                3
   d - Petrify                        Transmutation/Earth          4
   e - Metabolic Englaciation         Hexes/Ice                    5
   f - Yara's Violent Unravelling     Hexes/Transmutation          5
 B - a book of Changes

   Spells                             Type                      Level
   a - Beastly Appendage              Transmutation                1
   b - Sticks to Snakes               Transmutation                2
   c - Spider Form                    Transmutation/Poison         3
   d - Ice Form                       Ice/Transmutation            4
   e - Blade Hands                    Transmutation                5
 K - a book of Flames

   Spells                             Type                      Level
   a - Flame Tongue                   Conjuration/Fire             1
   b - Throw Flame                    Conjuration/Fire             2
   c - Conjure Flame                  Conjuration/Fire             3
   d - Inner Flame                    Hexes/Fire                   3
   e - Sticky Flame                   Conjuration/Fire             4
   f - Fireball                       Conjuration/Fire             5
Comestibles
 g - 4 meat rations
 r - 2 royal jellies


   Skills:
 - Level 2.1 Fighting
 * Level 10.9 Short Blades
 + Level 6.3 Throwing
 - Level 2.4 Dodging
 - Level 7.6 Stealth
 * Level 6.0 Hexes
 + Level 2.1 Evocations


You had 4 spell levels left.
You knew the following spells:

 Your Spells              Type           Power        Failure   Level  Hunger
a - Confuse               Hex            ###.....     10%         3    ####...
b - Confusing Touch       Hex            ###...       3%          1    ##.....


Dungeon Overview and Level Annotations

Branches:
Dungeon (7/15)
 Temple: D:4-7

Altars:
Fedhas
Qazlal
Trog
Wu Jian
Yredelemnul


Innate Abilities, Weirdness & Mutations

You are small and have problems with some larger weapons.
You are carnivorous and can eat meat at any time.


Message History

Casting: Confuse
Confirm with . or Enter, or press ? or * to list all spells.
Aiming: Confuse
Press: ? - help, Shift-Dir - straight line, f/p - ice beast
Aim: an ice beast (chance to defeat MR: 50%)
The ice beast resists with some effort.
The ice beast hits you but does no damage.
Casting: Confuse
Confirm with . or Enter, or press ? or * to list all spells.
You don't have enough magic to cast that spell.
Casting: Confuse
Confirm with . or Enter, or press ? or * to list all spells.
Aiming: Confuse
Press: ? - help, Shift-Dir - straight line, f/p - ice beast
Aim: an ice beast (chance to defeat MR: 50%)
You miscast Confuse.
Strange energies run through your body. The ice beast hits you.
* * * LOW HITPOINT WARNING * * *
The ice beast freezes you!
You die...

#.# #.######## #. ##
#.##.....####.#### #. ###
#.##.....#.......# #. ....
#.##.....#.......###. .....
+......%.+..../..+...
......#.##.....##......#...
...............##...<..#...
.......[.Y@..?.##..........
...............##..........
................#..........
...........##...#..........
...........##........##....
...........##.......###....
...........##.....†.###....
.##.......##..............
......# #........#.....


You could see an ice beast.

Vanquished Creatures
  Pikel (D:6)
  Grinder (D:6)
  A hippogriff (D:7)
  Prince Ribbit (D:6)
  Eustachio (D:6)
  2 sky beasts
  An orc warrior (D:6)
  A necrophage (D:4)
  2 ogres
  A big kobold (D:4)
  A bullfrog (D:6)
  3 scorpions
  A howler monkey (D:4)
  3 orc wizards
  A centaur skeleton (D:4)
  2 hounds (D:4)
  3 orc priests
  2 iguanas (D:7)
  3 worker ants
  A hound skeleton (D:6)
  A hound zombie (D:6)
  7 adders
  2 adder zombies
  An ooze (D:3)
  An adder skeleton (D:5)
  2 worms
  A dart slug (D:3)
  4 leopard geckos
  16 orcs
  5 bats
  2 giant cockroaches (D:4)
  6 goblins
  5 hobgoblins
  11 jackals
  5 kobolds
  8 quokkas
  3 frilled lizards (D:3)
  A jackal skeleton (D:4)
  5 rats
118 creatures vanquished.

Vanquished Creatures (collateral kills)
  An orc (D:3)
1 creature vanquished.

Vanquished Creatures (others)
  2 slaves (D:6)
  A centaur zombie (D:6)
  An orc (D:3)
4 creatures vanquished.

Grand Total: 123 creatures vanquished

Notes
Turn   | Place    | Note
-------+----------+-------------------------------------------
     0 | D:1      | Hasart the Kobold Assassin began the quest for the Orb.
     0 | D:1      | Reached XP level 1. HP: 12/12 MP: 1/1
   121 | D:1      | Reached skill level 3 in Short Blades
   129 | D:1      | Reached XP level 2. HP: 15/17 MP: 2/2
   816 | D:2      | Reached XP level 3. HP: 19/21 MP: 3/3
  1077 | D:2      | Reached skill level 4 in Short Blades
  1206 | D:2      | Found an ornate altar of the Wu Jian Council.
  1341 | D:2      | Found a blossoming altar of Fedhas.
  1428 | D:3      | Reached XP level 4. HP: 19/26 MP: 4/4
  1767 | D:3      | Found a basalt altar of Yredelemnul.
  2183 | D:3      | Reached XP level 5. HP: 18/30 MP: 5/5
  2920 | D:3      | Reached skill level 5 in Short Blades
  3619 | D:4      | Noticed a necrophage
  3622 | D:4      | Killed a necrophage
  3622 | D:4      | Reached skill level 6 in Short Blades
  3622 | D:4      | Reached XP level 6. HP: 35/35 MP: 6/6
  3638 | D:4      | Noticed an ogre
  3665 | D:4      | Killed an ogre
  3665 | D:4      | Reached XP level 7. HP: 28/40 MP: 7/7
  3680 | D:4      | Reached skill level 7 in Short Blades
  4450 | D:4      | Learned a level 3 spell: Confuse
  4452 | D:4      | Learned a level 1 spell: Confusing Touch
  4517 | D:4      | Found a stormy altar of Qazlal.
  4972 | D:5      | Entered Level 5 of the Dungeon
  4980 | D:5      | Reached skill level 1 in Hexes
  5746 | D:6      | Noticed Grinder
  5856 | D:6      | Noticed Pikel
  5916 | D:6      | Found a bloodstained altar of Trog.
  5917 | D:6      | Reached skill level 8 in Short Blades
  5917 | D:6      | Reached XP level 8. HP: 44/44 MP: 8/8
  6010 | D:6      | Noticed Prince Ribbit
  6031 | D:6      | Killed Prince Ribbit
  6247 | D:6      | Killed Pikel
  6247 | D:6      | Reached skill level 9 in Short Blades
  6247 | D:6      | Reached skill level 5 in Throwing
  6247 | D:6      | Reached XP level 9. HP: 25/48 MP: 9/9
  6417 | D:6      | Noticed Eustachio
  6426 | D:6      | Killed Eustachio
  6444 | D:6      | Found a bloodstained altar of Trog.
  6523 | D:6      | Reached skill level 10 in Short Blades
  6598 | D:6      | Reached skill level 5 in Hexes
  6960 | D:6      | Killed Grinder
  6960 | D:6      | Reached skill level 1 in Evocations
  6968 | D:7      | Noticed a hippogriff
  7004 | D:7      | Killed a hippogriff
  7678 | D:7      | Mangled by an ice beast

Vault maps used:
D:1:      giann_bridges, minmay_pentomino_z2
D:2:      marbit_many_paths, nicolae_overflow_hidden_temple
D:3:      yredelemnul_altar_generic, minmay_misc_feat_enclosed
D:4:      lemuel_round_altar, first_bread
D:5:      kennysheep_generic_room_11
D:6:      cheibrodos_quashed, lemuel_crystal_altar, trog_three_pillars_becter,
          uniq_grinder, uniq_prince_ribbit1, uniq_eustachio, uniq_pikel
D:7:      demons_altar, temple_fountains

Skill      XL: |  1  2  3  4  5  6  7  8  9 |
---------------+----------------------------+-----
Short Blades   | 3 4 6 8 9 10 | 10.9
Dodging        | 2 |  2.4
Stealth        | 6 7 |  7.6
Throwing       | 3 4 5 6 |  6.3
Hexes          | 2 4 6 |  6.0
Evocations     | 2 |  2.1
Fighting       | |  2.1

Action                   |  1- 3 |  4- 6 |  7- 9 || total
-------------------------+-------+-------+-------++-------
Melee: Dagger            |    68 |   194 |   224 ||   486
       Rapier            |       |       |    83 ||    83
 Fire: Blowgun           |       |    11 |    58 ||    69
 Cast: Confuse           |       |       |    10 ||    10
Evoke: Wand              |       |     4 |       ||     4
  Use: Scroll            |       |       |     2 ||     2
 Stab: Sleeping          |    11 |     7 |     9 ||    27
       Distracted        |       |     1 |       ||     1
       Confused          |       |       |     4 ||     4
  Eat: Chunk             |     7 |    10 |    12 ||    29
Armor: Robe              |     8 |       |       ||     8
       Leather armour    |     3 |    41 |    40 ||    84
Dodge: Dodged            |    46 |   128 |   107 ||   281

Table legend:
 A = Spawn XP
 B = Non-spawn XP
 C = Spawn XP percentage of total XP
 D = Spawn monster count
 E = Non-spawn monster count
 F = Spawn count percentage of total count
 G = Total turns spent on level
                    A         B        C        D         E        F      G
               +---------+---------+-------+---------+---------+-------+---------
         Total |       0 |    3541 |   0.0 |       0 |     119 |   0.0 |  7678
               +---------+---------+-------+---------+---------+-------+---------
           D:1 |       0 |      19 |   0.0 |       0 |      11 |   0.0 |   534
           D:2 |       0 |      53 |   0.0 |       0 |      13 |   0.0 |  1640
           D:3 |       0 |     172 |   0.0 |       0 |      32 |   0.0 |  1595
           D:4 |       0 |     643 |   0.0 |       0 |      22 |   0.0 |  1203
           D:5 |       0 |      30 |   0.0 |       0 |       5 |   0.0 |   742
           D:6 |       0 |    1976 |   0.0 |       0 |      22 |   0.0 |  1254
           D:7 |       0 |     648 |   0.0 |       0 |      14 |   0.0 |   710
               +---------+---------+-------+---------+---------+-------+---------
